 Dungeon Crawl Stone Soup version 0.29.0-4-gdea44cf6ec (webtiles) character file.

Game seed: 5587448562575505455

2621 qw the Grappler (level 9, -4/84 HPs)
             Began as a Troll Cinder Acolyte on Sept 1, 2022.
             Was a Priest of Ignis.
             Slain by a rust devil (11 damage)
             ... on level 5 of the Dungeon.
             The game lasted 00:03:31 (5743 turns).

qw the Grappler (Troll Cinder Acolyte)              Turns: 5743, Time: 00:03:32

Health: -4/84      AC: -11   Str: 34    XL:     9   Next: 34%
Magic:  9/9        EV: 10    Int: 10    God:    Ignis [***...]
Gold:   221        SH:  5    Dex: 11    Spells: 10/10 levels left

rFire   + . .      SeeInvis .     - Unarmed
rCold   . . .      Faith    .   (no shield)
rNeg    . . .      Spirit   .   a - +0 robe
rPois   .          Reflect  +   (helmet restricted)
rElec   .          Harm     .   k - +1 cloak
rCorr   .          Rampage  .   (gloves unavailable)
Will    .....                   (boots unavailable)
Stlth   +.........              g - amulet of reflection
HPRegen 1.04/turn               e - +6 ring of strength
MPRegen 0.11/turn               c - +6 ring of dexterity

@: corroded, fiery-armoured
A: large, unfitting armour, claws 3, regeneration 1, shaggy fur 1, tough skin 1
a: Renounce Religion, Fiery Armour, Foxfire Swarm, Rising Flame


You were on level 5 of the Dungeon.
You worshipped Ignis.
Ignis was most pleased with you.
You visited 1 branch of the dungeon, and saw 6 of its levels.

You collected 221 gold pieces.


Innate Abilities, Weirdness & Mutations

You are too large for most types of armour.
You have claws for hands.
Your natural rate of healing is unusually fast.
You are covered in fur. (AC +1)
You have tough skin. (AC +1)


   Skills:
 - Level 4.2 Fighting
 - Level 1.5 Throwing
 + Level 1.7 Dodging
 - Level 12.0 Unarmed Combat
 - Level 1.0 Spellcasting
 - Level 2.1 Fire Magic


You had 10 spell levels left.
You didn't know any spells.
Your spell library contained the following spells:

 Spells                   Type           Power      Damage    Failure   Level
 Scorch                   Fire           8%         2d5       22%         2

Inventory:

Missiles
 j - a boomerang (quivered)
Armour
 a - a +0 robe (worn)
 k - a +1 cloak (worn)
Jewellery
 c - a +6 ring of dexterity (right claw)
 e - a +6 ring of strength (left claw)
 g - an amulet of reflection (around neck)
Scrolls
 f - a scroll of identify
Potions
 b - a potion of resistance
 d - 3 potions of curing
 h - a potion of mutation

Dungeon Overview and Level Annotations

Branches:
Dungeon (6/15)
 Temple: D:4-7

Altars:
Ashenzari
Dithmenos
Elyvilon
Gozag
Xom

Shops:
D:3 :   D:4 *


Message History

The orc warrior hits you from afar with a +0 halberd.
The rust devil hits you. The rust devil corrodes you!
The orc warrior closely misses you.
You barely miss the rust devil. You claw the rust devil!
The rust devil is moderately wounded.
The orc warrior hits you from afar with a +0 halberd!
You block the rust devil's attack. The orc warrior closely misses you.
You scratch the rust devil but do no damage.
The rust devil is moderately wounded.
The orc warrior hits you from afar with a +0 halberd!
The rust devil hits you. The rust devil corrodes you!
The orc warrior hits you with a +0 morningstar.
The rust devil hits you! The rust devil corrodes you!
You scratch the rust devil but do no damage.
The rust devil is moderately wounded.
You block the orc warrior's attack. The rust devil hits you!
The rust devil corrodes you!
The rust devil completely resists.
The orc warrior hits you with a +0 morningstar.
The orc warrior is burned by your cloak of flames.
The orc warrior is lightly wounded.
The rust devil barely misses you.
You completely miss the rust devil.
The rust devil is moderately wounded.
You block the orc warrior's attack. The rust devil hits you.
The rust devil corrodes you!
The rust devil completely resists.
You block the orc warrior's attack. The rust devil hits you.
The rust devil corrodes you!
The rust devil completely resists.
You claw the rust devil!
The rust devil is severely wounded.
You scratch the rust devil.
The rust devil is almost dead.
The orc warrior hits you from afar with a +0 halberd!
The rust devil barely misses you. The orc warrior misses you.
The rust devil barely misses you.
You scratch the rust devil but do no damage.
The rust devil is almost dead.
The orc warrior hits you from afar with a +0 halberd!!
The rust devil hits you!
You die...

.###.###..#.###.###..##.# #.#
.###_..'..#.# #.# #..##.# #.#
.###.###..#.###.###..##.# #.#
.# #.# #......#.........####.#
.###+###......)............#.#
.........#...................#
........##.###.....#..####.###
#.......##.#...###...).# #.#
.............###@###...###.#
#####.......##744o7##...##.# #
#####...#)o....)#...##.# #
#..###.....###..##.# #######
#..# '..8..' #..##.# ......#
#..###.....###..##.#
#########...#).....)#...##.#
###~~~~##.#.##7...7##.#.##.#
..#~#!~##.#..### ###..#.##.#


You could see 2 rust devils and 2 orc warriors.

Vanquished Creatures
  A yak (D:6)
  3 orc warriors
  2 ice beasts
  2 sky beasts (D:6)
  3 ogres
  A centaur (D:6)
  2 phantoms (D:4)
  3 necrophages
  A bullfrog (D:6)
  2 scorpions (D:6)
  A water moccasin zombie (D:4)
  5 wights (D:6)
  2 howler monkeys
  2 jellies
  A centaur zombie (D:4)
  A hound (D:6)
  2 orc priests (D:6)
  2 iguanas
  Ijyb (D:3)
  An orc wizard (D:6)
  3 scorpion zombies (D:4)
  A hound zombie (D:4)
  10 adders
  A shadow imp (D:6)
  2 white imps
  An ufetubus (D:5)
  2 adder zombies (D:4)
  An adder skeleton (D:4)
  2 worms
  4 dart slugs
  13 orcs
  6 endoplasms
  2 giant cockroaches
  6 goblins
  10 hobgoblins
  12 jackals
  5 quokkas
  5 ball pythons
  5 bats
  3 frilled lizards
  7 kobolds
  6 rats
145 creatures vanquished.

Vanquished Creatures (others)
  A fungus (D:6)
  A withered plant (D:4)
2 creatures vanquished.

Grand Total: 147 creatures vanquished

Notes
Turn   | Place    | Note
-------+----------+-------------------------------------------
     0 | D:1      | qw the Troll Cinder Acolyte began the quest for the Orb.
     0 | D:1      | Reached XP level 1. HP: 22/22 MP: 1/1
     0 | D:1      | 0 ||| qw: Version: 0.1-a-97-g2dd2ca4
     0 | D:1      | 0 ||| qw: Game counter: 4734
     0 | D:1      | 0 ||| qw: Always use a shield: true
     0 | D:1      | 0 ||| qw: God list: Okawaru
     0 | D:1      | 0 ||| qw: Allow faded altars: false
     0 | D:1      | 0 ||| qw: Do Orc after D:15 true
     0 | D:1      | 0 ||| qw: Do second Lair branch before Depths: true
     0 | D:1      | 0 ||| qw: Lair rune preference: random
     0 | D:1      | 0 ||| qw: Plans: Normal
     0 | D:1      | 0 ||| PLANNING D:1-11
   384 | D:1      | Reached XP level 2. HP: 29/29 MP: 2/2
   393 | D:1      | 393 ||| Stepping ~*~*~tactically~*~*~ (stealth).
   394 | D:1      | 394 ||| Stepping ~*~*~tactically~*~*~ (stealth).
   397 | D:1      | 397 ||| Stepping ~*~*~tactically~*~*~ (hiding).
   401 | D:1      | 401 ||| Stepping ~*~*~tactically~*~*~ (outnumbered).
   404 | D:1      | 404 ||| Stepping ~*~*~tactically~*~*~ (outnumbered).
   405 | D:1      | 405 ||| Stepping ~*~*~tactically~*~*~ (outnumbered).
   406 | D:1      | 406 ||| Stepping ~*~*~tactically~*~*~ (hiding).
   410 | D:1      | 410 ||| INVOKING Fiery Armour.
   513 | D:1      | Reached skill level 4 in Unarmed Combat
   590 | D:1      | 590 ||| Stepping ~*~*~tactically~*~*~ (stealth).
   592 | D:1      | 592 ||| Stepping ~*~*~tactically~*~*~ (stealth).
   601 | D:1      | 601 ||| Stepping ~*~*~tactically~*~*~ (stealth).
   607 | D:1      | Reached XP level 3. HP: 36/36 MP: 3/3
   607 | D:1      | 607 ||| INVOKING Fiery Armour.
   812 | D:1      | 812 ||| READING scroll labelled EMNOLAF QONIRYS.
   813 | D:1      | 813 ||| READING scroll labelled ILIORU LAFREQUNN.
   866 | D:2      | 866 ||| Stepping ~*~*~tactically~*~*~ (stealth).
  1068 | D:2      | Reached XP level 4. HP: 44/44 MP: 4/4
  1172 | D:2      | Reached skill level 5 in Unarmed Combat
  1186 | D:2      | 1186 ||| Stepping ~*~*~tactically~*~*~ (stealth).
  1592 | D:2      | 1592 ||| DROPPING amulet of magic regeneration.
  1593 | D:2      | 1593 ||| READING 3 scrolls labelled KUTHA AXAI.
  1594 | D:2      | 1594 ||| READING 2 scrolls labelled FARYGR SIJI.
  1595 | D:2      | 1595 ||| READING scroll labelled RYWIUH HICRUON.
  1596 | D:2      | 1596 ||| DROPPING 2 scrolls of fear.
  1618 | D:3      | 1618 ||| PLANNING SEWER
  1645 | D:3      | Found Koxorek's Vocational Training.
  1646 | D:3      | 1646 ||| Stepping ~*~*~tactically~*~*~ (hiding).
  1662 | D:3      | 1662 ||| Stepping ~*~*~tactically~*~*~ (stealth).
  1735 | D:3      | 1735 ||| Stepping ~*~*~tactically~*~*~ (hiding).
  1848 | D:3      | Noticed Ijyb
  1849 | D:3      | 1849 ||| Stepping ~*~*~tactically~*~*~ (hiding).
  1857 | D:3      | Killed Ijyb
  1858 | D:3      | 1858 ||| Stepping ~*~*~tactically~*~*~ (hiding).
  1924 | D:3      | Reached XP level 5. HP: 50/50 MP: 5/5
  1935 | D:3      | 1935 ||| Stepping ~*~*~tactically~*~*~ (stealth).
  1938 | D:3      | 1938 ||| Stepping ~*~*~tactically~*~*~ (stealth).
  2225 | D:3      | Reached skill level 6 in Unarmed Combat
  2267 | D:3      | 2267 ||| RIP SEWER
  2345 | D:3      | 2345 ||| PLANNING D:1-11
  2449 | D:3      | 2449 ||| UPGRADING to +0 cloak.
  2454 | D:3      | 2454 ||| UPGRADING to amulet of regeneration.
  2459 | D:3      | 2459 ||| READING scroll labelled ZUNIEQAHEW.
  2460 | D:3      | 2460 ||| READING scroll labelled ZIATTA JUNKA.
  2561 | D:3      | 2561 ||| READING scroll labelled EXEWEOMECH.
  2562 | D:3      | 2562 ||| DRINKING 2 emerald potions.
  2563 | D:3      | 2563 ||| DRINKING 2 ruby potions.
  2564 | D:3      | 2564 ||| READING 4 scrolls of identify.
  2564 | D:3      | 2564 ||| IDENTIFYING glowing sapphire potion
  2565 | D:3      | 2565 ||| READING 3 scrolls of identify.
  2565 | D:3      | 2565 ||| IDENTIFYING fuming purple potion
  2566 | D:3      | 2566 ||| DROPPING potion of berserk rage.
  2567 | D:3      | 2567 ||| DROPPING potion of invisibility.
  2568 | D:3      | 2568 ||| Stepping randomly (stuck).
  2569 | D:3      | 2569 ||| Stepping ~*~*~tactically~*~*~ (cloud).
  2623 | D:4      | 2623 ||| READING scroll of enchant armour.
  2623 | D:4      | 2623 ||| ENCHANTING +0 cloak.
  2635 | D:4      | Noticed a phantom
  2641 | D:4      | 2641 ||| INVOKING Fiery Armour.
  2642 | D:4      | 2642 ||| Stepping ~*~*~tactically~*~*~ (outnumbered).
  2643 | D:4      | 2643 ||| Stepping ~*~*~tactically~*~*~ (outnumbered).
  2648 | D:4      | 2648 ||| Stepping ~*~*~tactically~*~*~ (outnumbered).
  2649 | D:4      | 2649 ||| Stepping ~*~*~tactically~*~*~ (outnumbered).
  2650 | D:4      | 2650 ||| Stepping ~*~*~tactically~*~*~ (outnumbered).
  2651 | D:4      | 2651 ||| Stepping ~*~*~tactically~*~*~ (stealth).
  2652 | D:4      | Killed a phantom
  2656 | D:4      | Reached XP level 6. HP: 59/59 MP: 6/6
  2657 | D:4      | 2657 ||| Stepping ~*~*~tactically~*~*~ (stealth).
  2710 | D:4      | Reached skill level 7 in Unarmed Combat
  2811 | D:4      | Found Ylorhi's CLEARANCE SALE!.
  2882 | D:4      | Noticed an orc warrior
  2890 | D:4      | 2890 ||| Stepping ~*~*~tactically~*~*~ (outnumbered).
  2891 | D:4      | 2891 ||| Stepping ~*~*~tactically~*~*~ (outnumbered).
  2893 | D:4      | 2893 ||| Stepping ~*~*~tactically~*~*~ (outnumbered).
  2893 | D:4      | HP: 14/59 [orc warrior/+0 scimitar (22)]
  2894 | D:4      | 2894 ||| INVOKING Fiery Armour.
  2895 | D:4      | 2895 ||| DRINKING potion of heal wounds.
  2896 | D:4      | 2896 ||| Stepping ~*~*~tactically~*~*~ (outnumbered).
  2898 | D:4      | 2898 ||| Stepping ~*~*~tactically~*~*~ (outnumbered).
  2900 | D:4      | Killed an orc warrior
  2901 | D:4      | Reached skill level 8 in Unarmed Combat
  2901 | D:4      | Reached XP level 7. HP: 51/66 MP: 7/7
  2968 | D:4      | 2968 ||| Stepping ~*~*~tactically~*~*~ (outnumbered).
  2971 | D:4      | Reached skill level 3 in Fighting
  2992 | D:4      | Found a shimmering altar of Xom.
  3304 | D:4      | 3304 ||| UPGRADING to amulet of reflection.
  3314 | D:4      | 3314 ||| DROPPING amulet of regeneration.
  3315 | D:4      | 3315 ||| READING scroll labelled DURELI ENTOL.
  3316 | D:4      | 3316 ||| READING 3 scrolls of identify.
  3316 | D:4      | 3316 ||| IDENTIFYING bubbling puce potion
  3317 | D:4      | 3317 ||| READING 2 scrolls of identify.
  3317 | D:4      | 3317 ||| IDENTIFYING sapphire potion
  3318 | D:4      | 3318 ||| DROPPING potion of brilliance.
  3333 | D:5      | Entered Level 5 of the Dungeon
  3340 | D:5      | 3340 ||| Stepping ~*~*~tactically~*~*~ (stealth).
  3356 | D:5      | 3356 ||| Stepping ~*~*~tactically~*~*~ (stealth).
  3391 | D:5      | 3391 ||| INVOKING Fiery Armour.
  3394 | D:5      | HP: 15/67 [orc warrior/+0 hand axe (10)]
  3398 | D:5      | Reached skill level 9 in Unarmed Combat
  3398 | D:5      | Found a white marble altar of Elyvilon.
  3400 | D:5      | 3400 ||| FLEEEEING.
  3401 | D:5      | 3401 ||| FLEEEEING.
  3436 | D:5      | 3436 ||| FLEEEEING.
  3437 | D:5      | 3437 ||| FLEEEEING.
  3439 | D:5      | 3439 ||| STAIRDANCE
  3501 | D:5      | Reached skill level 1 in Dodging
  3522 | D:5      | Found a broken altar of Ashenzari.
  3607 | D:5      | Reached XP level 8. HP: 75/75 MP: 8/8
  3614 | D:5      | 3614 ||| Stepping ~*~*~tactically~*~*~ (outnumbered).
  3615 | D:5      | 3615 ||| Stepping ~*~*~tactically~*~*~ (outnumbered).
  3646 | D:5      | 3646 ||| Stepping ~*~*~tactically~*~*~ (stealth).
  4093 | D:5      | Reached skill level 10 in Unarmed Combat
  4126 | D:5      | 4126 ||| UPGRADING to +6 ring of strength.
  4127 | D:5      | 4127 ||| READING scroll labelled FEGHIS YLOCOLA.
  4128 | D:5      | 4128 ||| READING 2 scrolls of identify.
  4128 | D:5      | 4128 ||| IDENTIFYING metallic white potion
  4129 | D:5      | 4129 ||| DROPPING potion of magic.
  4222 | D:5      | 4222 ||| Stepping randomly (stuck).
  4322 | D:6      | 4322 ||| Stepping ~*~*~tactically~*~*~ (stealth).
  4392 | D:6      | 4392 ||| Stepping ~*~*~tactically~*~*~ (hiding).
  4538 | D:6      | Found an opulent altar of Gozag.
  4546 | D:6      | 4546 ||| Stepping ~*~*~tactically~*~*~ (stealth).
  4608 | D:6      | Found a shadowy altar of Dithmenos.
  4643 | D:6      | Reached skill level 11 in Unarmed Combat
  4655 | D:6      | 4655 ||| FLEEEEING.
  4656 | D:6      | 4656 ||| FLEEEEING.
  4657 | D:6      | 4657 ||| FLEEEEING.
  4660 | D:6      | 4660 ||| FLEEEEING.
  4661 | D:6      | 4661 ||| FLEEEEING.
  4663 | D:6      | 4663 ||| FLEEEEING.
  4664 | D:6      | 4664 ||| FLEEEEING.
  4665 | D:6      | 4665 ||| FLEEEEING.
  4666 | D:6      | 4666 ||| FLEEEEING.
  4667 | D:6      | 4667 ||| FLEEEEING.
  4668 | D:6      | 4668 ||| FLEEEEING.
  4669 | D:6      | 4669 ||| FLEEEEING.
  4670 | D:6      | 4670 ||| FLEEEEING.
  4681 | D:6      | 4681 ||| Stepping ~*~*~tactically~*~*~ (hiding).
  4682 | D:6      | 4682 ||| Stepping ~*~*~tactically~*~*~ (hiding).
  4689 | D:6      | Reached XP level 9. HP: 84/84 MP: 9/9
  5023 | D:6      | 5023 ||| Stepping ~*~*~tactically~*~*~ (stealth).
  5065 | D:6      | 5065 ||| Stepping ~*~*~tactically~*~*~ (stealth).
  5068 | D:6      | 5068 ||| Stepping ~*~*~tactically~*~*~ (hiding).
  5070 | D:6      | 5070 ||| Stepping ~*~*~tactically~*~*~ (hiding).
  5081 | D:6      | 5081 ||| Stepping ~*~*~tactically~*~*~ (stealth).
  5207 | D:6      | Reached skill level 1 in Throwing
  5248 | D:6      | 5248 ||| Stepping ~*~*~tactically~*~*~ (stealth).
  5260 | D:6      | 5260 ||| READING scroll labelled QIXKEA ESTOUHO.
  5261 | D:6      | 5261 ||| READING 3 scrolls of identify.
  5261 | D:6      | 5261 ||| IDENTIFYING bubbling clear potion
  5263 | D:6      | 5263 ||| DROPPING potion of attraction.
  5264 | D:6      | 5264 ||| READING 2 scrolls of teleportation.
  5318 | D:6      | 5318 ||| READING scroll of teleportation.
  5553 | D:6      | 5553 ||| Stepping randomly (stuck).
  5554 | D:6      | 5554 ||| Stepping randomly (stuck).
  5555 | D:6      | 5555 ||| Stepping randomly (stuck).
  5556 | D:6      | 5556 ||| Stepping randomly (stuck).
  5557 | D:6      | 5557 ||| Stepping randomly (stuck).
  5558 | D:6      | 5558 ||| Stepping randomly (stuck).
  5559 | D:6      | 5559 ||| Stepping randomly (stuck).
  5560 | D:6      | 5560 ||| Stepping randomly (stuck).
  5561 | D:6      | 5561 ||| Stepping randomly (stuck).
  5562 | D:6      | 5562 ||| Stepping randomly (stuck).
  5563 | D:6      | 5563 ||| Stepping randomly (stuck).
  5566 | D:6      | 5566 ||| Stepping randomly (stuck).
  5568 | D:6      | 5568 ||| Stepping randomly (stuck).
  5570 | D:6      | 5570 ||| Stepping randomly (stuck).
  5572 | D:6      | 5572 ||| Stepping randomly (stuck).
  5573 | D:6      | 5573 ||| Stepping randomly (stuck).
  5574 | D:6      | 5574 ||| Stepping randomly (stuck).
  5575 | D:6      | 5575 ||| Stepping randomly (stuck).
  5576 | D:6      | 5576 ||| Stepping randomly (stuck).
  5577 | D:6      | 5577 ||| Stepping randomly (stuck).
  5578 | D:6      | 5578 ||| Stepping randomly (stuck).
  5579 | D:6      | 5579 ||| Stepping randomly (stuck).
  5580 | D:6      | 5580 ||| Stepping randomly (stuck).
  5581 | D:6      | 5581 ||| Stepping randomly (stuck).
  5603 | D:6      | Reached skill level 12 in Unarmed Combat
  5624 | D:6      | 5624 ||| UPGRADING to +6 ring of dexterity.
  5625 | D:6      | 5625 ||| READING 2 scrolls of identify.
  5625 | D:6      | 5625 ||| IDENTIFYING white potion
  5677 | D:5      | 5677 ||| Stepping randomly (stuck).
  5734 | D:5      | Noticed a rust devil
  5734 | D:5      | Noticed a rust devil
  5735 | D:5      | 5735 ||| INVOKING Fiery Armour.
  5743 | D:5      | HP: 7/84 [orc warrior/+0 halberd (19)]
  5743 | D:5      | Slain by a rust devil

Levels and vault maps discovered:
D:1:      minmay_arrival_stair_chambers, layout_basic, corexii_hall_statues_x,
          hex_large, kennysheep_another_room
D:2:      layout_loops_ring, palyth_stone_intersect, minivault_24,
          serial_bayou_ford_a
D:3:      layout_loops_ring, portal_sewer_entry_d, nicolae_shop_vocational,
          uniq_ijyb
D:4:      layout_basic, mainiacjoe_overflow_cross_hatched, serial_undead,
          serial_undead_f, serial_undead_d, serial_undead_e, serial_undead_d,
          serial_undead_a, serial_undead_e, nicolae_shop_clearance
D:5:      cheibrodos_iron_armory, layout_basic, lemuel_tele_altar,
          lemuel_doored_altar, kennysheep_generic_room_14
D:6:      minmay_chambers_of_fours, layout_basic,
          nicolae_dithmenos_through_a_glass_darkly, nicolae_gozag_seed_capital,
          uniq_crazy_yiuf_cottage

Skill      XL: |  1  2  3  4  5  6  7  8  9 |
---------------+----------------------------+-----
Unarmed Combat | 4 5 6 8 9 11 12 | 12.0
Fighting       | 3 4 |  4.2
Dodging        | 1 |  1.7
Throwing       | 1 |  1.5
Spellcasting   | |  1.0
Fire Magic     | |  2.1

Action                   |  1- 3 |  4- 6 |  7- 9 || total
-------------------------+-------+-------+-------++-------
Melee: Unarmed           |   105 |   147 |   162 ||   414
       Punch             |     1 |     3 |     7 ||    11
Throw: Boomerang         |       |       |     1 ||     1
Invok: Fiery Armour      |     2 |     2 |     2 ||     6
  Use: Scroll            |     2 |     9 |    10 ||    21
       Potion            |       |     3 |       ||     3
Armor: Robe              |    48 |    47 |    46 ||   141
Dodge: Dodged            |    39 |    49 |    44 ||   132
Block: Other             |       |       |    16 ||    16

Table legend:
 A = Non-vault XP
 B = Vault XP
 C = Vault XP percentage of total XP
 D = Non-vault monster count
 E = Vault monster count
 F = Vault count percentage of total count
                 A         B        C        D         E       F
            +---------+---------+-------+---------+---------+-------
      Total |    2521 |    1224 |  32.7 |     125 |      20 |  13.8
            +---------+---------+-------+---------+---------+-------
        D:1 |      55 |       0 |   0.0 |      31 |       0 |   0.0
        D:2 |      77 |       0 |   0.0 |      24 |       0 |   0.0
        D:3 |      70 |      49 |  41.2 |      19 |       2 |   9.5
        D:4 |     288 |     482 |  62.6 |      13 |      11 |  45.8
        D:5 |     722 |     112 |  13.4 |      14 |       1 |   6.7
        D:6 |    1309 |     581 |  30.7 |      24 |       6 |  20.0
            +---------+---------+-------+---------+---------+-------
